 Dungeon Crawl Stone Soup version 0.28-a0-172-g787e458d71 (webtiles) character file.

Game seed: 4875055970865092981

0 assad the Ruffian (level 1, 0/16 HPs)
             Began as a Draconian Transmuter on Aug 17, 2021.
             Slain by a kobold (3 damage)
             ... on level 1 of the Dungeon.
             The game lasted 00:03:17 (96 turns).

assad the Ruffian (Draconian Transmuter)              Turns: 96, Time: 00:03:17

Health: 0/16       AC:  4    Str: 12    XL:     1   Next: 8%
Magic:  3/3        EV: 12    Int: 13    God:
Gold:   0          SH:  0    Dex: 11    Spells: 3/4 levels left

rFire   . . .      SeeInvis .   c - +0 whip
rCold   . . .      Faith    .   (no shield)
rNeg    . . .      Spirit   .   (armour unavailable)
rPois   .          Reflect  .   (helmet restricted)
rElec   .          Harm     .   (no cloak)
rCorr   .          Rampage  .   (no gloves)
Will    .....                   (no boots)
Stlth   +.........              (no amulet)
HPRegen 0.05/turn               (no ring)
MPRegen 0.08/turn               (no ring)

@: no status effects
A: AC +4, unfitting armour, cold-blooded
a: no special abilities


You were on level 1 of the Dungeon.
You visited 1 branch of the dungeon, and saw 1 of its levels.

Inventory:

Hand Weapons
 c - a +0 whip (weapon)
Missiles
 a - 15 stones
Armour
 b - a +0 robe


   Skills:
 + Level 1.1 Fighting
 + Level 1.7 Dodging
 + Level 3.0 Unarmed Combat
 + Level 2.0 Spellcasting
 + Level 2.0 Transmutations


You had 3 spell levels left.
You knew the following spells:

 Your Spells              Type           Power      Damage    Failure   Level
a - Beastly Appendage     Tmut           12%        N/A       11%         1

Your spell library contained the following spells:

 Spells                   Type           Power      Damage    Failure   Level
 Wereblood                Tmut           6%         N/A       17%         2
 Spider Form              Tmut/Pois      1%         N/A       45%         3
 Ice Form                 Ice/Tmut       3%         N/A       86%         4


Dungeon Overview and Level Annotations

Branches:
Dungeon (1/15)

Altars:


Innate Abilities, Weirdness & Mutations

Your plain brown scales are hard. (AC +4)
You cannot fit into any form of body armour.
You are cold-blooded and may be slowed by cold attacks.


Message History

Casting: Beastly Appendage (safe; 11% risk of failure)
Press: ? - help, Q - select action, (/) - cycle Dir - look around, f - activate You grow a pair of large bovine horns.
Your feet morph into talons.
b - a +0 robe Your transformation is almost over.
You see here a +0 whip.
You hit the ball python.
You kill the ball python!
c - a +0 whip You see here a ball python corpse.
You see here a ball python corpse.
There are no objects that can be picked up here. a ball python corpse Your horns disappear.
Your talons disappear.
A gnoll comes into view. It is wielding a +0 spear.
c - a +0 whip (weapon)
Okay, then.
The gnoll misses you.
Found 13 gold pieces.
You barely miss the gnoll. The gnoll misses you.
You hit the gnoll.
The gnoll is lightly wounded.
The gnoll hits you with a +0 spear.
You hit the gnoll but do no damage. You punch the gnoll.
The gnoll is moderately wounded.
The gnoll hits you with a +0 spear!
You closely miss the gnoll.
Your tail-slap misses the gnoll.
The gnoll is moderately wounded.
The gnoll hits you with a +0 spear.
The gnoll hits you from afar with a +0 spear.
* * * LOW HITPOINT WARNING * * *
The gnoll closely misses you.
The kobold shouts!
The gnoll hits you but does no damage.
The kobold throws a stone.
The stone barely misses you. The gnoll hits you but does no damage.
The gnoll hits you but does no damage.
A rat comes into view.
The kobold hits you with a +0 short sword.
You die...

$.........# ....r.....#
..........# ..........
#.#.........## #............##
#..........K..#########
..#####.........@...........#####
.....?.>.#.......................
...##.#..#.........g.....###+###'
.........#...............#.......
#......................#.8.⌠⌠⌠.
###........#####.......#.......
.#####........# #........#≈≈≈≈≈≈≈
............#####.########≈≈≈≈≈≈≈
##........†.......# #≈≈≈≈≈≈≈


You could see a gnoll, a kobold and a rat.

Vanquished Creatures
  A ball python (D:1)
1 creature vanquished.

Notes
Turn   | Place    | Note
-------+----------+-------------------------------------------
     0 | D:1      | assad the Draconian Transmuter began the quest for the Orb.
     0 | D:1      | Reached XP level 1. HP: 16/16 MP: 3/3
    96 | D:1      | Slain by a kobold

Illustrated notes

Levels and vault maps discovered:
D:1:      zaba_arrival_water, layout_rooms

Action                   || total
-------------------------++-------
Melee: Whip              ||     4
       Unarmed           ||     1
       Punch             ||     1
 Cast: Beastly Appendage ||     1
Armor: Skin              ||     3
Dodge: Dodged            ||     4

Table legend: (Time is in decaauts)
 A = Elapsed time spent in this place.
 B = Non-inter-level travel time spent in this place.
 C = Inter-level travel time spent in this place.
 D = Time resting spent in this place.
 E = Time spent auto-exploring this place.
 F = Levels seen in this place.
 G = Mean time per level.
                   A        B        C        D        E       F      G
               +--------+--------+--------+--------+--------+-----+--------+
         Total |    102 |     55 |     47 |      0 |      0 |   1 |  102.0 |
       Dungeon |    102 |     55 |     47 |      0 |      0 |   1 |  102.0 |
               +--------+--------+--------+--------+--------+-----+--------+

Top non-repeatable levels by time:
     D:1: 102 daAuts
